 Dungeon Crawl Stone Soup version bcrawl-1.12.1 (webtiles) character file.

Game seed: 3211670588150324815

97 Groucho the Covert (level 4, -3/27 HPs)
             Began as a Dusk Walker Rogue on July 14, 2019.
             Killed from afar by an orc wizard (9 damage)
             ... with a magic dart
             ... on level 2 of the Dungeon.
             The game lasted 00:03:43 (1385 turns).

Groucho the Covert (Dusk Walker Rogue)              Turns: 1385, Time: 00:03:43

Health: -3/27      AC:  3    Str: 11    XL:     4   Next: 42%
Magic:  5/5        EV: 11    Int: 12    God:
Gold:   39         SH:  0    Dex: 15    Spells: 3/3 levels left

rFire    . . .     SeeInvis .   a - +2 dagger
rCold    . . .     Gourm    .   (no shield)
rNeg     . . .     Faith    .   c - +0 robe
rPois    .         Spirit   .   (no helmet)
rElec    .         Reflect  .   d - +0 cloak
rCorr    .         Harm     .   (no gloves)
MR       .....                  (no boots)
Stlth    +++.......             (no amulet)
HPRegen  0.09/turn              (no ring)
MPRegen  0.09/turn              (no ring)

@: confused
A: draining touch, unencumbered stealth, fangs 2, nightstalker 1
a: no special abilities


You were on level 2 of the Dungeon.
You were not hungry.

You visited 1 branch of the dungeon, and saw 2 of its levels.

You collected 39 gold pieces.

Inventory:

Hand Weapons
 a - a +2 dagger (weapon)
 b - a +0 blowgun
Missiles
 e - 80 poisoned needles
Armour
 c - a +0 robe (worn)
 d - a +0 cloak (worn)
Jewellery
 k - an uncursed amulet of faith {unknown}
Wands
 f - a wand of flame (13)
 g - a wand of enslavement (15)
Scrolls
 j - a scroll of identify {unknown}
 l - a scroll of fog {unknown}
Potions
 o - a potion of agility {unknown}
 p - a potion of brilliance {unknown}
 q - a potion of might {unknown}
Comestibles
 h - a ration {!d}


   Skills:
 - Level 2.4 Short Blades
 - Level 1.5 Throwing
 + Level 9.4 Stealth
 - Level 2.0 Evocations


You had 3 spell levels left.
You didn't know any spells.
Your spell library was empty.

Dungeon Overview and Level Annotations

Branches:
Dungeon (2/12)

Altars:
Wu Jian


Innate Abilities, Weirdness & Mutations

Your attacks drain your enemies.
You move stealthily even while encumbered by armour.
You have extremely sharp teeth.
You are slightly more attuned to the shadows.


Message History

The orc wizard is moderately wounded.
The orc wizard gestures at you while chanting.
You are confused.
You hit the orc wizard.
The orc wizard is heavily wounded.
The orc wizard barely misses you.
You hit the orc wizard. Your bite misses the orc wizard.
The orc wizard is heavily wounded.
The orc wizard misses you.
You're too confused to move!
The orc wizard hits you with a +0 dagger.
* * * LOW HITPOINT WARNING * * *
You hit the orc wizard but do no damage.
You drain the orc wizard.
The orc wizard is severely wounded.
The orc wizard barely misses you.
You bump into the rock wall.
The orc wizard points at you and mumbles some strange words.
The magic dart hits you!
You die...

..# #%# #...##.#.#..# l.# #.#
#......#.#.## ..####'##########
#....###.#.##
...........#....#####...........#
........##..........#...####.#.##
........##.#####.##.#......#.#.#
........##.#.K...##.#..#.#.#.#.#
........o.....##o.#.#..###.#.#.#
..............##@.#.#......#.#.#
..............##..#.#..#####.#.#
........##.##.##)...#.## #.#.#
..###.........##)#..#.# #.#.# ..
#.........##.#.>#.# #.#.# ..
#.........##.####<# #.#.#
.......(..###.# #.# #.#.#
..........# #.####.######.#.#
..........# #.............#.#


You could see an orc wizard.

Vanquished Creatures
  2 orc wizards (D:2)
  An ooze (D:1)
  A worm (D:1)
  A dart slug (D:1)
  2 leopard geckos (D:1)
  An orc (D:2)
  2 giant cockroaches
  2 goblins (D:1)
  6 hobgoblins (D:1)
  5 kobolds
  3 bats
  2 frilled lizards (D:1)
  4 rats
32 creatures vanquished.

Notes
Turn   | Place    | Note
-------+----------+-------------------------------------------
     0 | D:1      | Groucho the Dusk Walker Rogue began the quest for the Orb.
     0 | D:1      | Reached XP level 1. HP: 11/11 MP: 2/2
    41 | D:1      | Reached skill level 7 in Stealth
    91 | D:1      | Reached XP level 2. HP: 15/17 MP: 3/3
   696 | D:1      | Reached skill level 8 in Stealth
   696 | D:1      | Reached XP level 3. HP: 19/21 MP: 4/4
  1236 | D:2      | Found an ornate altar of the Wu Jian Council.
  1281 | D:2      | Reached skill level 9 in Stealth
  1281 | D:2      | Gained mutation: You are slightly more attuned to the
                  | shadows. [Dusk Walker growth]
  1281 | D:2      | Reached XP level 4. HP: 17/27 MP: 5/5
  1385 | D:2      | Killed from afar by an orc wizard

Skill      XL: |  1  2  3 |
---------------+----------+-----
Stealth        | 7 8 9 |  9.4
Short Blades   | |  2.4
Throwing       | |  1.5
Evocations     | |  2.0

Action                   |  1- 3 |  4- 6 || total
-------------------------+-------+-------++-------
Melee: Dagger            |    79 |    14 ||    93
       Bite              |     7 |       ||     7
Evoke: Wand              |     2 |       ||     2
  Use: Potion            |     3 |       ||     3
 Stab: Sleeping          |     7 |       ||     7
  Eat: Ration            |       |     1 ||     1
Armor: Robe              |    25 |     1 ||    26
Dodge: Dodged            |    47 |     3 ||    50
